 Dungeon Crawl Stone Soup version 0.27-a0-1217-g8a41f320e8 (webtiles) character file.

Game seed: 8845937297400289409

977 27snakeeyes612 the Chopper (level 7, -4/61 HPs)
             Began as a Minotaur Fighter on June 6, 2021.
             Slain by an ogre
             ... wielding a +0 giant spiked club
              (11 damage)
             ... on level 4 of the Dungeon.
             The game lasted 00:02:44 (4110 turns).

27snakeeyes612 the Chopper (Minotaur Fighter)       Turns: 4110, Time: 00:02:45

Health: -4/61      AC:  8    Str: 23    XL:     7   Next: 95%
Magic:  6/6        EV:  8    Int:  5    God:
Gold:   217        SH: 10    Dex:  9    Spells: 6/6 levels left

rFire    . . .     SeeInvis .   a - +1 war axe
rCold    . . .     Faith    .   c - +0 kite shield
rNeg     . . .     Spirit   .   b - +0 scale mail
rPois    .         Reflect  .   (helmet restricted)
rElec    .         Harm     .   j - +0 cloak
rCorr    .         Rampage  .   (no gloves)
Will     .....                  (no boots)
Stlth    ..........             (no amulet)
HPRegen  0.20/turn              (no ring)
MPRegen  0.10/turn              (no ring)

@: no status effects
A: horns 2, retaliatory headbutt
a: no special abilities


You were on level 4 of the Dungeon.
You visited 1 branch of the dungeon, and saw 4 of its levels.

You collected 217 gold pieces.

Inventory:

Hand Weapons
 a - a +1 war axe (weapon)
Armour
 b - a +0 scale mail (worn)
 c - a +0 kite shield (worn)
 j - a +0 cloak (worn)
Jewellery
 k - a +6 ring of strength
 n - an amulet of reflection
Wands
 q - a wand of mindburst (10) (quivered)
Scrolls
 h - 2 scrolls of teleportation
 i - 3 scrolls of identify
 s - a scroll of enchant weapon
Potions
 d - 3 potions of might
 e - a potion of cancellation
 f - a potion of lignification {unknown}
 g - 3 potions of heal wounds {unknown}
 l - a potion of invisibility {unknown}
 m - a potion of haste
 o - a potion of magic {unknown}
 p - a potion of attraction {unknown}
 r - a potion of curing


   Skills:
 + Level 5.6 Fighting
 + Level 7.3 Axes
 + Level 6.1 Armour
 + Level 2.2 Dodging
 + Level 0.3 Stealth
 + Level 5.6 Shields


You had 6 spell levels left.
You didn't know any spells.
Your spell library was empty.

Dungeon Overview and Level Annotations

Branches:
Dungeon (4/15)
 Temple: D:4-7

Altars:
Elyvilon
Qazlal

Shops:
D:2 !

Annotations:
D:3 2 transporters


Innate Abilities, Weirdness & Mutations

You have a pair of horns on your head.
You reflexively headbutt those who attack you in melee.


Message History

The ogre shouts!
An ogre is nearby!
An ogre is nearby!
You block the ogre's attack.
You hit the ogre but do no damage.
The ogre hits you with a +0 giant spiked club!
You barely miss the ogre. You headbutt the ogre.
The ogre is lightly wounded.
The ogre hits you with a +0 giant spiked club!!
* * * LOW HITPOINT WARNING * * *
You are too injured to fight recklessly!
You are too injured to fight recklessly!
You are too injured to fight recklessly!
You are too injured to fight recklessly!
You are too injured to fight recklessly!
You are too injured to fight recklessly!
You are too injured to fight recklessly!
You are too injured to fight recklessly!
You are too injured to fight recklessly!
You are too injured to fight recklessly!
You are too injured to fight recklessly!
You are too injured to fight recklessly!
You are too injured to fight recklessly!
You block the ogre's attack.
Aiming: Mindburst
Press: ? - help, Q - select action Shift-Dir - straight line, f - ogre
Aim: an ogre, wielding a +0 giant spiked club (lightly wounded, chance to affect: 65%)
The ogre's mind is blasted!
Aiming: Mindburst
Press: ? - help, Q - select action Shift-Dir - straight line, f/p - ogre
Aim: an ogre, wielding a +0 giant spiked club (heavily wounded, chance to affect: 65%)
The ogre's mind is blasted!
The ogre hits you with a +0 giant spiked club!
* * * LOW HITPOINT WARNING * * *
Aiming: Mindburst
Press: ? - help, Q - select action Shift-Dir - straight line, f/p - ogre
Aim: an ogre, wielding a +0 giant spiked club (almost dead, chance to affect: 65%)
The ogre struggles to resist.
The ogre hits you with a +0 giant spiked club!
You die...

#.# #)##..#.# #.#
#.......# ##.#
####..... #.)#
#.##.# #.## #.##.#
#.# #.##.# #.#
##.##.# #O#
####.#.#.# #@#
#........#
#.#######.####.#.#
#.........# #.#.#
########### #....
###.. #.. #.. #).
#..


You could see an ogre.

Vanquished Creatures
  Pikel (D:4)
  Sigmund (D:2)
  Eustachio (D:4)
  A scorpion (D:4)
  A hound (D:2)
  A hound skeleton (D:4)
  Robin (D:2)
  3 adders
  A worm (D:3)
  3 dart slugs
  4 orcs
  6 bats
  5 endoplasms
  4 giant cockroaches
  13 goblins
  8 hobgoblins
  6 quokkas
  8 ball pythons
  4 frilled lizards
  5 kobolds
  6 rats
83 creatures vanquished.

Notes
Turn   | Place    | Note
-------+----------+-------------------------------------------
     0 | D:1      | 27snakeeyes612 the Minotaur Fighter began the quest for the
                  | Orb.
     0 | D:1      | Reached XP level 1. HP: 19/19 MP: 0/0
   114 | D:1      | Reached XP level 2. HP: 27/27 MP: 1/1
   473 | D:2      | Found Izeosh's Distillery.
   473 | D:2      | Noticed Sigmund
   479 | D:1      | Reached skill level 3 in Axes
   479 | D:1      | Reached XP level 3. HP: 15/33 MP: 2/2
   864 | D:2      | Killed Sigmund
   865 | D:2      | Reached skill level 4 in Axes
   865 | D:2      | Reached skill level 1 in Dodging
   865 | D:2      | Reached XP level 4. HP: 7/41 MP: 3/3
   865 | D:2      | Reached XP level 5. HP: 8/47 MP: 4/4
  1199 | D:2      | Noticed Robin
  1225 | D:2      | Killed Robin
  1497 | D:2      | Reached skill level 5 in Axes
  1687 | D:2      | Reached skill level 5 in Fighting
  1687 | D:2      | Reached XP level 6. HP: 56/56 MP: 5/5
  1844 | D:2      | Found a stormy altar of Qazlal.
  2243 | D:3      | Found a white marble altar of Elyvilon.
  2451 | D:3      | Found a transporter.
  2549 | D:3      | Found a transporter.
  3209 | D:4      | Noticed Pikel
  3223 | D:4      | Killed Pikel
  3224 | D:4      | Reached skill level 6 in Axes
  3224 | D:4      | Reached skill level 5 in Armour
  3224 | D:4      | Reached skill level 5 in Shields
  3224 | D:4      | Reached XP level 7. HP: 36/61 MP: 6/6
  3629 | D:4      | Reached skill level 7 in Axes
  3967 | D:4      | Noticed Eustachio
  3992 | D:4      | Killed Eustachio
  4110 | D:4      | Slain by an ogre

Illustrated notes

Levels and vault maps discovered:
D:1:      lightli_arrival_flooded_house, layout_rooms
D:2:      layout_basic, basic_altar, serial_shops, shop, uniq_robin,
          uniq_sigmund
D:3:      gammafunk_steamed_eel, layout_basic, elyvilon_altar_5, hex_medium,
          grunt_ministairs_2, solitary_fountain
D:4:      layout_loops_ring, serial_rivers, chequers_serial_rivers_small_a,
          chequers_serial_rivers_marsh, chequers_serial_rivers_micro_b,
          chequers_serial_rivers_micro_d, chequers_serial_rivers_marsh,
          chequers_serial_rivers_micro_c, uniq_eustachio, uniq_pikel,
          uniq_crazy_yiuf_cottage

Skill      XL: |  1  2  3  4  5  6  7 |
---------------+----------------------+-----
Armour         | 4 5 6 |  6.1
Fighting       | 4 5 |  5.6
Axes           | 3 4 5 6 7 |  7.3
Shields        | 4 5 |  5.6
Dodging        | 1 2 |  2.2
Stealth        | |  0.3

Action                   |  1- 3 |  4- 6 |  7- 9 || total
-------------------------+-------+-------+-------++-------
Melee: War axe           |    58 |    99 |    43 ||   200
       Headbutt          |     7 |    14 |     4 ||    25
Evoke: Wand              |       |       |     3 ||     3
  Use: Scroll            |       |     6 |       ||     6
Armor: Scale mail        |    24 |    41 |     8 ||    73
Dodge: Dodged            |    26 |    38 |    10 ||    74
Block: Kite shield       |    26 |    71 |    24 ||   121

Table legend: (Time is in decaauts)
 A = Elapsed time spent in this place.
 B = Non-inter-level travel time spent in this place.
 C = Inter-level travel time spent in this place.
 D = Time resting spent in this place.
 E = Time spent auto-exploring this place.
 F = Levels seen in this place.
 G = Mean time per level.
                   A        B        C        D        E       F      G
               +--------+--------+--------+--------+--------+-----+--------+
         Total |   4211 |   4129 |     82 |    247 |   3319 |   4 | 1052.8 |
       Dungeon |   4211 |   4129 |     82 |    247 |   3319 |   4 | 1052.8 |
               +--------+--------+--------+--------+--------+-----+--------+

Top non-repeatable levels by time:
     D:2: 1370 daAuts
     D:4: 1133 daAuts
     D:3: 947 daAuts
     D:1: 761 daAuts
